 Dungeon Crawl Stone Soup version 0.15.2 (webtiles) character file.

366 magipi the Basher (level 6, -1/59 HPs)
             Began as an Ogre Hunter on Aug 10, 2016.
             Slain by Sigmund
             ... wielding a +0 scythe
              (9 damage)
             ... on Level 4 of the Dungeon.
             The game lasted 00:15:21 (3303 turns).

magipi the Basher (Ogre Hunter)                     Turns: 3303, Time: 00:15:22

HP  -1/59        AC  5     Str 18      XL: 6   Next: 68%
MP   6/6         EV 10     Int 10      God:
Gold 42          SH  0     Dex 12      Spells:  0 memorised,  5 levels left

rFire  . . .     SeeInvis .     a - +4 whip
rCold  + . .     Clarity  .     d - +0 animal skin
rNeg   . . .     rCorr    .     (shield restricted)
rPois  .         rRot     .     (helmet restricted)
rElec  .         Spirit   .     n - +1 cloak
SustAb .         Warding  .     (gloves unavailable)
rMut   .         Stasis   .     (boots unavailable)
Gourm  .                        (no amulet)
MR     .....                    (no ring)
                                c - ring of protection from cold

@: confused, lethally poisoned, not resistant to hostile enchantments, very
unstealthy
A: unfitting armour, tough skin 1
a: no special abilities


You were on level 4 of the Dungeon.
You were hungry.

You visited 1 branch of the dungeon, and saw 5 of its levels.

You collected 183 gold pieces.
You spent 141 gold pieces at shops.

Inventory:

Hand weapons
 a - a +4 whip (weapon)
Missiles
 b - 4 large rocks (quivered)
 e - a throwing net
Armour
 d - a +0 animal skin (worn)
 n - a +1 cloak (worn)
Comestibles
 f - 4 meat rations
 i - 4 bread rations
 m - 3 fruits
 o - a chunk of giant gecko flesh
Scrolls
 k - a scroll of blinking
 q - a scroll of teleportation
Jewellery
 c - a ring of protection from cold (left hand)
Potions
 g - a potion of agility {unknown}
 h - 6 potions of curing
 j - a potion of resistance
 l - a potion of invisibility
 p - a potion of haste
 s - a potion of confusion
 u - a potion of mutation
 A - a potion of beneficial mutation {unknown}


   Skills:
 - Level 2.6 Fighting
 * Level 8.7 Maces & Flails
 - Level 4.3 Throwing
 - Level 1.7 Dodging
 - Level 0.7 Stealth


You had 5 spell levels left.
You didn't know any spells.

Dungeon Overview and Level Annotations

Branches:
Dungeon (5/15)
 Temple: D:4-7

Altars:
Yredelemnul

Shops:
D:4 *

Annotations:
D:4 Sigmund
D:5 magipi's ghost, experienced OgHu


Innate Abilities, Weirdness & Mutations

You are too large for most types of armour.
You have tough skin (AC +1).

Vault maps used:
D:1:      wheals_arrival_shading, minmay_shallow_snake_nest
D:2:      yredelemnul_altar_generic, uniq_iyjb, uniq_jessica
D:3:      first_bread
D:4:      serial_shops, shop, minmay_misc_feat_alley, uniq_sigmund
D:5:      minmay_temple_entry_statues


Message History

l - a purple potion;
o - a scroll of identify;
q - a scroll of teleportation Thank you for shopping at Rexzesij's Assorted Antiques!
Read which item? (? for menu, Esc to quit)
Identify which item? (\ to view known items) (? for menu, Esc to quit)
As you read the scroll of identify, it crumbles to dust.
l - a potion of invisibility Read which item? (? for menu, Esc to quit)
As you read the scroll labeled STROTU JOIKUMIG, it crumbles to dust.
You assume a fearsome visage.
Nothing appears to happen.
It was a scroll of fear.
A giant gecko comes into view.
Found a stone staircase leading down.
You see here a lumpy purple potion.
g - a lumpy purple potion You barely miss the giant gecko.
The giant gecko bites you but does no damage.
You barely miss the giant gecko. The giant gecko bites you.
You closely miss the giant gecko. The giant gecko closely misses you.
You miss the giant gecko. The giant gecko bites you.
You hit the giant gecko.
The giant gecko is severely wounded.
The giant gecko barely misses you.
You hit the giant gecko.
You kill the giant gecko!
There is a stone staircase leading down here.
You see here a giant gecko corpse.
There is a stone staircase leading down here.
You see here a giant gecko corpse.
You start butchering the giant gecko corpse.
You continue butchering the corpse. x3
You finish butchering the giant gecko corpse.
o - a chunk of giant gecko flesh
There is a stone staircase leading down here.
You see here a giant gecko skeleton.
Sigmund the Dreaded comes into view.
He is wielding a scythe.
Throwing (i - inventory. (,) - cycle):
b - 5 large rocks (quivered)
Press: ? - help, Shift-Dir - straight line, f - Sigmund
Aim: Sigmund, wielding a scythe and wearing a robe You throw a large rock.
The large rock hits Sigmund.
Sigmund is lightly wounded.
Sigmund mumbles some strange words.
Sigmund flickers and vanishes!
Deactivating autopickup; reactivate with Ctrl-A.
Unknown command.
The puff of flame hits you!
A scorpion comes into view.
Found a robe.
There is a stone staircase leading down here.
You see here a giant gecko skeleton.
You are feeling hungry.
You climb downwards.
A worker ant zombie comes into view.
Found 41 gold pieces and 14 stones.
Found a stone staircase leading down.
There is a stone staircase leading up here.
You hit the worker ant zombie. You barely miss the worker ant zombie.
The worker ant zombie closely misses you.
You hit the worker ant zombie. The worker ant zombie bites you.
You hit the worker ant zombie but do no damage.
You hit the worker ant zombie.
The worker ant zombie bites you but does no damage.
Magipi's ghost (experienced Ogre Hunter) comes into view.
Magipi's ghost turns its malevolent gaze towards you.
The worker ant zombie bites you but does no damage.
You climb upwards.
Level annotation: Sigmund The scorpion stings you.
There is a stone staircase leading down here.
You see here a giant gecko skeleton.
You closely miss the scorpion. The scorpion stings you.
You hit the scorpion.
The scorpion is lightly wounded.
The scorpion stings you.
You are poisoned.
The scorpion poisons you!
You hit the scorpion.
The scorpion is moderately wounded.
You feel sick.
You hit the scorpion.
The scorpion is heavily wounded.
You feel sick. The scorpion barely misses you. Something hits you.
You hit the scorpion.
The scorpion is heavily wounded.
The scorpion stings you.
You whack the scorpion!
The scorpion is almost dead.
You feel sick. Something hits you! The scorpion stings you.
You closely miss the scorpion.
The scorpion is almost dead.
You hit the scorpion.
You kill the scorpion!
You feel sick. Something hits you!
* * * LOW HITPOINT WARNING * * *
You feel sick.
You are confused.
You feel sick. The magic dart hits you!
* * * LOW HITPOINT WARNING * * *
Ouch! You feel sick. Something hits you!
You die...

......#.......#########***
.........................***
......#.###.#########.@..,,*
#................(.....#**,******
........##..###...##.,,* *,,,,,,,
...................#*,,***,*****,
...#.....#..###....#*,,,,,,* *,
.#.##....#..# ##.#.#*,**,*** *,
.#.#........# #@#.#*,**,* **>
............# #.#.#*,**,* *,,
.[.........## #>#.#,,,,,* *,,
..##%#...#.# #.#.#,,,*** *,,
.%##.......# #.#.#,*,* **,
.(.).......# #.#.#,*,* *,
..########.#####.#.#,*,* *, (##
#..........#,*,* *, .#
*#..#####.###,*,* *,


There were no monsters in sight!

Table legend:
 A = Kills in this place as a percentage of kills in entire the game.
 B = Kills by you in this place as a percentage of kills by you in the entire game.
 C = Kills by friends in this place as a percentage of kills by friends in the entire game.
 D = Other kills in this place as a percentage of other kills in the entire game.
 E = Experience gained in this place as a percentage of experience gained in the entire game.
 F = Experience gained in this place divided by the number of levels of this place that you have seen.
                   A       B       C       D       E      F
               +-------+-------+-------+-------+-------+----------------------
         Total | 100.0 | 100.0 |  -nan |  -nan | 100.0 | 104.6
       Dungeon | 100.0 | 100.0 |  -nan |  -nan | 100.0 | 104.6
               +-------+-------+-------+-------+-------+----------------------

Vanquished Creatures
  A sky beast (D:3)
  A scorpion (D:4)
  Ijyb (D:2)
  Jessica (D:2)
  3 gnolls (D:3)
  5 adders
  A giant mite (D:1)
  An inept item mimic (D:2)
  9 orcs
  12 bats
  4 giant cockroaches
  7 goblins
  11 hobgoblins
  5 jackals
  2 quokkas
  A ball python (D:2)
  3 giant geckos
  8 giant newts
  9 kobolds
  7 rats
92 creatures vanquished.

Notes
Turn   | Place    | Note
--------------------------------------------------------------
     0 | D:1      | magipi, the Ogre Hunter, began the quest for the Orb.
     0 | D:1      | Reached XP level 1. HP: 22/22 MP: 1/1
   269 | D:1      | Reached XP level 2. HP: 25/29 MP: 2/2
   586 | D:1      | Reached XP level 3. HP: 34/36 MP: 3/3
   896 | D:2      | Noticed Ijyb
   947 | D:2      | Found a basalt altar of Yredelemnul.
   983 | D:2      | Killed Ijyb
   983 | D:2      | Reached XP level 4. HP: 22/44 MP: 4/4
  1050 | D:2      | Reached skill level 5 in Maces & Flails
  1238 | D:2      | Noticed Jessica
  1242 | D:2      | Killed Jessica
  1467 | D:2      | Reached skill level 6 in Maces & Flails
  1467 | D:2      | Reached XP level 5. HP: 50/50 MP: 5/5
  2074 | D:3      | Noticed a sky beast
  2130 | D:3      | Killed a sky beast
  2130 | D:3      | Reached skill level 7 in Maces & Flails
  2130 | D:3      | Reached XP level 6. HP: 28/59 MP: 6/6
  2496 | D:3      | Reached skill level 8 in Maces & Flails
  3078 | D:4      | Found Rexzesij's Assorted Antiques.
  3202 | D:4      | Bought a purple potion for 21 gold pieces
  3202 | D:4      | Bought a scroll of identify for 48 gold pieces
  3202 | D:4      | Bought a scroll of teleportation for 72 gold pieces
  3263 | D:4      | Noticed Sigmund
  3283 | D:5      | Entered Level 5 of the Dungeon
  3289 | D:5      | Noticed magipi's ghost (experienced OgHu)
  3303 | D:4      | Slain by Sigmund

Action                   |  1- 3 |  4- 6 || total
-------------------------+-------+-------++-------
Melee: Club              |   120 |    33 ||   153
       Whip              |       |   185 ||   185
Throw: Large rock        |     8 |    15 ||    23
       Throwing net      |     2 |       ||     2
  Use: Scroll            |       |    15 ||    15
 Stab: Held in net/web   |     1 |       ||     1
  Eat: Chunk             |       |     5 ||     5
       Fruit             |       |     1 ||     1
       Beef jerky        |       |     1 ||     1

Action                   |  1- 3 |  4- 6 || total
-------------------------+-------+-------++-------
Melee: Club              |   120 |    33 ||   153
       Whip              |       |   185 ||   185
Throw: Large rock        |     8 |    15 ||    23
       Throwing net      |     2 |       ||     2
  Use: Scroll            |       |    15 ||    15
 Stab: Held in net/web   |     1 |       ||     1
  Eat: Chunk             |       |     5 ||     5
       Fruit             |       |     1 ||     1
       Beef jerky        |       |     1 ||     1
